 Dungeon Crawl Stone Soup version 0.19.4-12-gccf7e64 (webtiles) character file.

100 vijoc the Conjurer (level 4, -13/24 HPs)
             Began as a Deep Elf Conjurer on Feb 27, 2017.
             Killed from afar by forly's ghost (15 damage)
             ... with an orb of energy
             ... on level 3 of the Dungeon.
             The game lasted 00:10:48 (3015 turns).

vijoc the Conjurer (Deep Elf Conjurer)              Turns: 3015, Time: 00:10:49

Health: -13/24     AC:  3    Str:  6    XL:     4   Next: 46%
Magic:  10/10      EV: 13    Int: 20    God:
Gold:   264        SH:  6    Dex: 15    Spells: 2 memorised, 6 levels left

rFire  . . .     SeeInvis .     r - +2 dagger (freeze)
rCold  . . .     Gourm    .     D - +0 robe
rNeg   + . .     Faith    .     (no shield)
rPois  .         Spirit   .     (no helmet)
rElec  .         Reflect  +     (no cloak)
rCorr  .         Harm     .     (no gloves)
MR     .....                    i - +0 pair of boots (curse)
Stlth  ++........               y - +6 amulet of reflection
                                (no ring)
                                B - ring of positive energy

@: no status effects
A: no striking features
a: no special abilities


You were on level 3 of the Dungeon.
You were not hungry.

You visited 1 branch of the dungeon, and saw 3 of its levels.

You collected 264 gold pieces.

Inventory:

Hand Weapons
 r - a +2 dagger of freezing (weapon)
Missiles
 d - 134 stones (quivered)
 n - 4 needles of sleeping
 x - 8 poisoned needles
Armour
 a - a +0 robe
 i - a cursed +0 pair of boots (worn)
 D - a +0 robe (worn)
 E - a +0 pair of boots
Jewellery
 t - an uncursed amulet of regeneration
 y - a +6 amulet of reflection (around neck)
 B - a ring of positive energy (left hand)
Scrolls
 e - a scroll of enchant weapon {unknown}
 f - 2 scrolls of teleportation {unknown}
 h - 2 scrolls of amnesia {unknown}
 k - 2 scrolls of random uselessness {unknown}
 m - 2 scrolls of blinking {unknown}
 p - a scroll of recharging {unknown}
 q - a scroll of immolation {unknown}
 s - 5 scrolls of identify {unknown}
Potions
 g - a potion of lignification {unknown}
 j - 2 potions of magic {unknown}
 l - 2 potions of might {unknown}
 o - a potion of curing {unknown}
 u - 2 potions of degeneration {unknown}
 z - 2 potions of flight {unknown}
 A - a potion of ambrosia {unknown}
 C - a potion of cure mutation {unknown}
Books
 b - a book of Conjurations

   Spells                             Type                      Level
   a - Magic Dart                     Conjuration                  1
   b - Searing Ray                    Conjuration                  2
   c - Dazzling Spray                 Conjuration/Hexes            3
   d - Fulminant Prism                Conjuration/Hexes            4
   e - Iskenderun's Mystic Blast      Conjuration                  4
   f - Iskenderun's Battlesphere      Conjuration/Charms           5
Comestibles
 c - 3 bread rations
 v - a beef jerky


   Skills:
 - Level 2.4 Dodging
 - Level 2.4 Stealth
 - Level 3.0 Spellcasting
 * Level 6.5 Conjurations


You had 6 spell levels left.
You knew the following spells:

 Your Spells              Type           Power        Failure   Level  Hunger
a - Magic Dart            Conj           ####         1%          1    None
b - Searing Ray           Conj           ####..       1%          2    ##.....


Dungeon Overview and Level Annotations

Branches:
Dungeon (3/15)

Altars:
Ashenzari
Nemelex Xobeh
Okawaru
Ru

Annotations:
D:3 forly's ghost, amateur OpCj


Message History

Press: ? - help, Shift-Dir - straight line, f - frilled lizard
Aim: a frilled lizard The magic dart hits the frilled lizard.
You kill the frilled lizard!
You start resting.
Magic restored.
Forly's ghost turns its malevolent gaze towards you.
Forly's ghost is too close now for your liking.
Forly's ghost wails, "You must not succeed where I failed!"
Forly's ghost casts a spell at you. The orb of energy hits you!
Ouch! That really hurt!
* * * LOW HITPOINT WARNING * * *
The orb of energy explodes!
You hear a shout! x2
Forly's ghost is nearby!
Forly's ghost casts a spell at you. The orb of energy hits you!
Ouch! That really hurt!
You die...

...............................#
...########.......###.#.#..##.##
...# #.......# #.#.#..##.#
...########.......###.###.....#
..........'.......'...###..####
.#.########...)...#........######
.#.##### #.......#.######.......
.......##########.#.######.######
................@.....W....#
.#.###.#...######.########.# ##
.#.###............# #.# #.
.......<...######.##### #.# #.
'#..##...### #.....# #.# #.
.........# #######.####.# #.
....###..# #..........#W# ###.
....# #..######.#####.##.#.# #.#.
..(.# #..#......#####.##.#.###.#.


You could see forly's ghost.

Vanquished Creatures
  4 adders
  3 worms
  2 dart slugs
  A leopard gecko (D:3)
  An orc (D:3)
  5 bats
  4 giant cockroaches
  6 goblins
  5 hobgoblins
  3 jackals (D:1)
  7 kobolds
  A quokka (D:3)
  2 frilled lizards
  5 rats
49 creatures vanquished.

Notes
Turn   | Place    | Note
-------+----------+-------------------------------------------
     0 | D:1      | vijoc the Deep Elf Conjurer began the quest for the Orb.
     0 | D:1      | Reached XP level 1. HP: 10/10 MP: 6/6
   418 | D:1      | Reached XP level 2. HP: 15/15 MP: 5/8
   547 | D:1      | Reached skill level 5 in Conjurations
   551 | D:1      | Learned a level 2 spell: Searing Ray
  1250 | D:2      | Found a shattered altar of Ashenzari.
  1292 | D:2      | Found a sparkling altar of Nemelex Xobeh.
  1321 | D:2      | Reached XP level 3. HP: 19/19 MP: 3/9
  1775 | D:2      | Found an iron altar of Okawaru.
  1779 | D:2      | Found a sacrificial altar of Ru.
  1957 | D:3      | Reached skill level 6 in Conjurations
  2178 | D:3      | Reached XP level 4. HP: 24/24 MP: 7/10
  2382 | D:3      | Noticed forly's ghost (amateur OpCj)
  3015 | D:3      | Killed from afar by forly's ghost

Skill      XL: |  1  2  3 |
---------------+----------+-----
Conjurations   | 5 6 |  6.5
Dodging        | |  2.4
Stealth        | |  2.4
Spellcasting   | |  3.0

Action                   |  1- 3 |  4- 6 || total
-------------------------+-------+-------++-------
 Cast: Magic Dart        |    61 |    34 ||    95
       Searing Ray       |     2 |     1 ||     3
  Eat: Chunk             |     4 |     2 ||     6
Armor: Robe              |     2 |     2 ||     4
Dodge: Dodged            |     3 |     8 ||    11
Block: Other             |       |     1 ||     1
       Reflection        |       |     1 ||     1
